 Dungeon Crawl Stone Soup version 0.30.0-19-g36f170ea60 (webtiles) character file.

Game seed: 248815669799653845

84 monsoonserge the Vexing (level 4, 0/32 HPs)
             Began as a Barachi Hexslinger on May 29, 2023.
             Shot with a sling bullet by a goblin (5 damage)
             ... on level 3 of the Dungeon.
             The game lasted 00:05:54 (872 turns).

monsoonserge the Vexing (Barachi Hexslinger)         Turns: 872, Time: 00:05:54

Health: 0/32       AC:  3    Str: 11    XL:     4   Next: 45%
Magic:  5/5        EV: 12    Int: 14    God:
Gold:   82         SH:  0    Dex: 14    Spells: 4/5 levels left

rFire   + . .        a - +1 sling
rCold   + . .        (no shield)
rNeg    . . .        h - +0 leather armour
rPois   +            (no helmet)
rElec   +            (no cloak)
rCorr   +            (no gloves)
SInv    .            (no boots)
Will    .....        (no amulet)
Stlth   +            (no ring)
HPRegen 0.25/turn    (no ring)
MPRegen 0.09/turn

%: no passive effects
@: resistant, unable to hop, slow
A: amphibious, slowness 1, strong legs 1, +LOS
a: Hop


You were on level 3 of the Dungeon.
You visited 1 branch of the dungeon, and saw 3 of its levels.

You collected 82 gold pieces.

Inventory:

Hand Weapons
 a - a +1 sling (weapon)
 b - the +4 spear of Income {venom, rN+ Will+ Str-2}
   (You found it on level 2 of the Dungeon)

   Str:       It affects your strength (-2).
   rN:        It protects you from negative energy.
   Will:      It increases your willpower.
 i - a +0 spear of freezing
Missiles
 d - 2 poisoned darts
 e - 6 javelins
 f - 2 boomerangs
Armour
 c - a +0 robe
 h - a +0 leather armour (worn)
Scrolls
 j - a scroll of poison


   Skills:
 + Level 1.5 Fighting
 + Level 0.3 Polearms
 + Level 3.3 Ranged Weapons
 * Level 2.0 Armour
 + Level 2.4 Dodging
 + Level 1.2 Spellcasting
 + Level 3.7 Hexes


You had 4 spell levels left.
You knew the following spells:

 Your Spells              Type           Power      Damage    Failure   Level
a - Slow                  Hex            44%        N/A       7%          1

Your spell library contained the following spells:

 Spells                   Type           Power      Damage    Failure   Level
 Ensorcelled Hibernation  Hex/Ice        12%        N/A       24%         2
 Inner Flame              Hex/Fire       6%         N/A       43%         3
 Portal Projectile        Hex/Tloc       12%        N/A       43%         3
 Cause Fear               Hex            5%         N/A       56%         4
 Spider Form              Tmut/Pois      0%         N/A       71%         3
 Anguish                  Hex/Necr       3%         N/A       83%         4


Dungeon Overview and Level Annotations

Branches:
Dungeon (2/15)

Altars:


Innate Abilities, Weirdness & Mutations

You are amphibious.
You cover ground slowly.
You can hop short distances.
You have an extended range of vision and can be seen from far away.


Message History

Fire: a) +1 sling
Press: ? - help, Q - select action, (/) - cycle Shift-Dir - straight line, f - you
Okay, then.
Okay, then.
Fire: a) +1 sling
Press: ? - help, Q - select action, (/) - cycle Shift-Dir - straight line, f - you You shoot a sling bullet.
Fire: a) +1 sling
Press: ? - help, Q - select action, (/) - cycle Shift-Dir - straight line, f - you You shoot a sling bullet.
Fire: a) +1 sling
Press: ? - help, Q - select action, (/) - cycle Shift-Dir - straight line, f - you You shoot a sling bullet.
Fire: a) +1 sling
Press: ? - help, Q - select action, (/) - cycle Shift-Dir - straight line, f - you You shoot a sling bullet.
Something hits you.
You shoot a sling bullet. Something hits you but does no damage.
You shoot a sling bullet. Something hits you.
You hear some strange, mumbled words.
A puff of flame appears from out of thin air!
The puff of flame hits you!
* * * LOW HITPOINT WARNING * * *
You aren't carrying any items that you can evoke.
Hop to where?
Press: ? - help, Dir - move target Boing!
Something hits you.
* * * LOW HITPOINT WARNING * * *
Fire: a) +1 sling
Press: ? - help, Q - select action, (/) - cycle Shift-Dir - straight line, f - you You shoot a sling bullet.
You hear a shout!
Something completely misses you.
A goblin comes into view. It is wielding a +0 club.
It was a potion of resistance.
You feel protected.
The goblin unwields a +0 club.
The goblin wields a +0 sling.
The goblin shoots a sling bullet.
The sling bullet hits you.
You die...

.. #. ..# ##.#####
#.# ...#..# #.#
###..#..# #.# ....
..# #.# #.g #.# #.#
#..##.###.#
#..@......##########
#####...............
#....############
#.##)# #. #)# .. #.#
## #.# #.# #.#


You could see a goblin.

Vanquished Creatures
  2 adders (D:2)
  A worm (D:2)
  3 dart slugs (D:1)
  2 orcs (D:3)
  6 endoplasms
  2 giant cockroaches (D:1)
  4 goblins
  5 hobgoblins
  8 jackals
  4 ball pythons
  4 bats (D:1)
  A frilled lizard (D:1)
  2 kobolds (D:1)
  7 rats
51 creatures vanquished.

Notes
Turn   | Place    | Note
-------+----------+-------------------------------------------
     0 | D:1      | monsoonserge the Barachi Hexslinger began the quest for the
                  | Orb.
     0 | D:1      | Reached XP level 1. HP: 15/15 MP: 2/2
    97 | D:1      | Reached XP level 2. HP: 21/21 MP: 3/3
   199 | D:1      | Reached XP level 3. HP: 26/26 MP: 4/4
   668 | D:2      | Identified the +4 spear of Income {venom, rN+ Will+ Str-2}
   679 | D:2      | Reached skill level 1 in Armour
   679 | D:2      | Reached XP level 4. HP: 29/32 MP: 5/5
   844 | D:2      | You fall into a shaft and drop 1 floor!
   872 | D:3      | Shot with a sling bullet by a goblin

Illustrated notes

Levels and vault maps discovered:
D:1:      lemuel_arrival_room, layout_rooms, minmay_3d_cube
D:2:      layout_loops_cross, uniq_robin
D:3:      layout_loops_ring, hellmonk_ecumenical_altar_prayer_group,
          portal_sewer_entry_a, minmay_three_crescents, uniq_grinder

Skill      XL: |  1  2  3  4 |
---------------+-------------+-----
Ranged Weapons | 3 |  3.3
Armour         | 1 2 |  2.0
Fighting       | |  1.5
Polearms       | |  0.3
Dodging        | |  2.4
Spellcasting   | |  1.2
Hexes          | |  3.7

Action                     |  1- 3 |  4- 6 || total
---------------------------+-------+-------++-------
  Melee: Spear             |       |    13 ||    13
   Fire: Sling             |   111 |    30 ||   141
   Cast: Slow              |     2 |     2 ||     4
Ability: Hop               |       |     1 ||     1
    Use: Potion            |       |     1 ||     1
 Armour: Robe              |     7 |       ||     7
         Leather armour    |     7 |     4 ||    11
  Dodge: Dodged            |    37 |     6 ||    43
